 Dungeon Crawl Stone Soup version 0.28.0-43-g3370ac3207 (webtiles) character file.

Game seed: 4287875238026803277

14135 Exporg the Grappler (level 11, 0/102 HPs)
             Began as a Troll Fighter on Mar 25, 2022.
             Was an Initiate of Qazlal.
             Slain by a yak (10 damage)
             ... on level 11 of the Dungeon.
             The game lasted 00:19:14 (8694 turns).

Exporg the Grappler (Troll Fighter)                 Turns: 8694, Time: 00:19:14

Health: 0/102      AC: 12    Str: 26    XL:     11   Next: 84%
Magic:  20/20      EV: 11    Int:  9    God:    Qazlal [......]
Gold:   690        SH: 10    Dex: 13    Spells: 10/10 levels left

rFire   . . .      SeeInvis .     - Unarmed
rCold   . . .      Faith    .   b - +0 kite shield
rNeg    . . .      Spirit   .   N - +0 acid dragon scales
rPois   .          Reflect  .   E - +3 hat of Pondering {ponderous, Will+ MP+10 Int+5}
rElec   .          Harm     .   F - +0 cloak
rCorr   +          Rampage  .   (gloves unavailable)
Will    +....                   (boots unavailable)
Stlth   ++........              w - amulet of the Heavens {RegenMP +Blink}
HPRegen 1.07/turn               (no ring)
MPRegen 0.57/turn               (no ring)

@: slow
A: large, unfitting armour, claws 3, regeneration 1, shaggy fur 1, tough skin 1
a: Renounce Religion, Evoke Blink


You were on level 11 of the Dungeon.
You worshipped Qazlal.
Qazlal was noncommittal.
You visited 2 branches of the dungeon, and saw 12 of its levels.

You collected 690 gold pieces.

Inventory:

Hand Weapons
 y - the +6 great sword of Understanding {freeze, Str+2}
   (You found it on level 5 of the Dungeon)

   It freezes those it strikes, dealing additional cold damage.
   It can also slow down cold-blooded creatures.
   Str:       It affects your strength (+2).
 A - a +0 giant spiked club
 J - a +2 flail of protection
 O - a +1 scimitar of flaming
Missiles
 g - 12 javelins (quivered)
 G - a throwing net
 H - 6 boomerangs of dispersal
Armour
 a - a +0 robe
 b - a +0 kite shield (worn)
 c - a +2 robe of willpower
 x - a +0 cloak
 E - the +3 hat of Pondering (worn) {ponderous, Will+ MP+10 Int+5}
   (You took it off Gastronok on level 8 of the Dungeon)

   Int:       It affects your intelligence (+5).
   MP:        It affects your magic capacity (+10).
   Will:      It increases your willpower.
 F - a +0 cloak (worn)
 N - +0 acid dragon scales (worn)
Jewellery
 w - the amulet of the Heavens (around neck) {RegenMP +Blink}
   (You found it on level 5 of the Dungeon)

   [amulet of magic regeneration]

   It increases your rate of magic regeneration.
   +Blink:    It lets you blink.
Wands
 s - a wand of iceblast (19)
 u - a wand of polymorph (6)
 D - a wand of charming (12)
Scrolls
 d - 6 scrolls of identify {unknown}
 f - a scroll of summoning {unknown}
 i - 8 scrolls of teleportation {unknown}
 j - 4 scrolls of fear {unknown}
 m - 3 scrolls of vulnerability {unknown}
 o - 4 scrolls of immolation {unknown}
 p - 2 scrolls of brand weapon {unknown}
 r - a scroll of magic mapping {unknown}
 z - 2 scrolls of enchant armour {unknown}
 C - 4 scrolls of blinking {unknown}
 L - a scroll of noise {unknown}
 M - a scroll of amnesia {unknown}
Potions
 e - 2 potions of mutation {unknown}
 h - 3 potions of cancellation
 k - 2 potions of resistance {unknown}
 l - 4 potions of curing {unknown}
 n - 2 potions of flight {unknown}
 q - 5 potions of attraction {unknown}
 t - a potion of ambrosia {unknown}
 v - 2 potions of invisibility {unknown}
 B - 2 potions of lignification {unknown}
 I - a potion of heal wounds {unknown}
 K - a potion of haste {unknown}


   Skills:
 + Level 5.0 Fighting
 + Level 0.3 Armour
 + Level 7.5 Dodging
 + Level 2.1 Stealth
 + Level 7.6 Shields
 + Level 13.8 Unarmed Combat
 + Level 0.2 Evocations


You had 10 spell levels left.
You didn't know any spells.
Your spell library contained the following spells:

 Spells                   Type           Power      Damage    Failure   Level
 Static Discharge         Conj/Air       0%         N/A       83%         2
 Leda's Liquefaction      Hex/Erth       0%         N/A       100%        4
 Lee's Rapid Deconstruct  Erth           0%         3d5*      100%        5
 Lightning Bolt           Conj/Air       0%         1d11      100%        5
 Summon Forest            Summ/Tloc      0%         N/A       100%        5
 Eringya's Noxious Bog    Tmut/Pois      0%         N/A       100%        6
 Statue Form              Tmut/Erth      0%         N/A       100%        6
 Summon Hydra             Summ           0%         N/A       100%        7
 Maxwell's Capacitive Co  Air            0%         ∞         100%        8


Dungeon Overview and Level Annotations

Branches:
Dungeon (11/15)            Temple (1/1) D:6            Lair (0/6) D:8
    Orc: D:9-12

Altars:
Ashenzari
Cheibriados
Dithmenos
Elyvilon
Fedhas
Gozag
Hepliaklqana
Kikubaaqudgha
Makhleb
Nemelex Xobeh
Okawaru
Qazlal
Ru
Sif Muna
Trog
Uskayaw
Vehumet
Wu Jian
Xom
Yredelemnul
Zin
The Shining One
Beogh

Shops:
D:9 *

Annotations:
D:5 1 runed translucent door, Crazy Yiuf
D:8 2 transporters, Zippel's ghost, novice DsBr
D:11 3 runed translucent doors


Innate Abilities, Weirdness & Mutations

You are too large for most types of armour.
You have claws for hands.
Your natural rate of healing is unusually fast.
You are covered in fur. (AC +1)
You have tough skin. (AC +1)


Message History

A yak comes into view.
The two-headed ogre closely misses you.
The two-headed ogre hits you with a +0 giant club.
You completely miss the two-headed ogre.
The two-headed ogre is lightly wounded.
You block the two-headed ogre's attack.
The two-headed ogre hits you with a +0 giant club!
You claw the two-headed ogre!
The two-headed ogre is moderately wounded.
You block the two-headed ogre's attack. The two-headed ogre closely misses you.
You claw the two-headed ogre!
The two-headed ogre is heavily wounded.
The yak snorts and paws the ground.
The two-headed ogre hits you with a +0 giant club!!
The two-headed ogre barely misses you.
You scratch the two-headed ogre.
The two-headed ogre is severely wounded.
The two-headed ogre hits you with a +0 giant club!!
* * * LOW HITPOINT WARNING * * *
The two-headed ogre hits you with a +0 giant club!
* * * LOW HITPOINT WARNING * * *
You claw the two-headed ogre!
The two-headed ogre is almost dead.
The two-headed ogre hits you with a +0 giant club!
* * * LOW HITPOINT WARNING * * *
You block the two-headed ogre's attack.
Aiming: Charm
Press: ? - help, Shift-Dir - straight line, f - two-headed ogre
Aim: a two-headed ogre, wielding two +0 giant clubs (almost dead, chance to affect: 31%)
The two-headed ogre is charmed.
The yak gores your two-headed ogre. The troll bites your two-headed ogre.
The troll claws your two-headed ogre but does no damage.
The troll claws your two-headed ogre!
Your two-headed ogre dies!
It was a potion of cancellation.
Your magical effects are unravelling.
You feel magically purged.
You feel yourself speed up. The yak gores you!
You die...

#.#.#.........##..#
......##.........######
......##.........#..#.# #
.................#....## #
.....##......#.........## #
..........##.##.........###
....#...###.#..##...#.....
...##..###..#..###........
........TY@................
########.##########........
.........# #..#.......
######.T#.+lWg+.#.##......
.......#.##OCh# .. #......
#####.. .##JHg## ##.....
...# #.


zcs# #..... ##.. .# +## .. ..# #.#.#( You could see a yak and a troll.

Vanquished Creatures
  Gastronok (D:8)
  Erolcha (D:9)
  Erica (D:11)
  2 two-headed ogres
  A harpy (D:9)
  Maurice (D:7)
  Psyche (D:8)
  2 hornets
  A meliai zombie (D:10)
  3 wraiths
  Sigmund (D:4)
  A wyvern (D:8)
  10 yaks
  A vampire (D:5)
  3 vampire mosquitoes (D:10)
  A steam dragon (D:7)
  An acid dragon (D:10)
  2 wargs (D:8)
  3 water moccasins
  6 orc warriors
  A hornet zombie (D:7)
  3 sky beasts
  A black bear (D:5)
  3 necrophages
  An ice beast (D:8)
  2 ogres (D:5)
  3 centaurs
  A kobold brigand (D:6)
  3 scorpions
  A bullfrog (D:7)
  17 killer bees
  4 wights
  2 howler monkeys (D:7)
  A bullfrog zombie (D:6)
  6 centaur zombies
  7 orc priests
  3 jellies
  A gnoll shaman (D:7)
  2 hounds (D:5)
  Natasha (thrice) (D:2)
  8 iguanas
  11 orc wizards
  A hound zombie (D:5)
  A howler monkey zombie (D:9)
  3 gnolls
  5 adders
  A howler monkey skeleton (D:5)
  A shadow imp (D:5)
  A white imp (D:6)
  An ufetubus (D:7)
  2 worms
  5 dart slugs
  45 orcs
  A ball python (D:1)
  5 endoplasms
  6 giant cockroaches
  9 goblins
  10 hobgoblins
  11 kobolds
  A quokka (D:1)
  3 bats
  A rat (D:1)
240 creatures vanquished.

Vanquished Creatures (others)
  A two-headed ogre (D:11)
  2 gnolls (D:8)
  A plant (D:8)
4 creatures vanquished.

Grand Total: 244 creatures vanquished

Notes
Turn   | Place    | Note
-------+----------+-------------------------------------------
     0 | D:1      | Exporg the Troll Fighter began the quest for the Orb.
     0 | D:1      | Reached XP level 1. HP: 22/22 MP: 0/0
    40 | D:1      | Reached XP level 2. HP: 28/29 MP: 1/1
   134 | D:1      | Found a faded altar of an unknown god.
   415 | D:1      | Reached XP level 3. HP: 36/36 MP: 2/2
   787 | D:2      | Noticed Natasha
   802 | D:2      | Killed Natasha
   803 | D:2      | Reached XP level 4. HP: 6/44 MP: 3/3
   860 | D:2      | Noticed Natasha
   865 | D:2      | Killed Natasha
  1007 | D:2      | Reached skill level 3 in Unarmed Combat
  1060 | D:2      | You fall into a shaft and drop 2 floors!
  1093 | D:4      | Noticed a necrophage
  1102 | D:4      | Killed a necrophage
  1103 | D:4      | Reached XP level 5. HP: 51/53 MP: 4/4
  1169 | D:3      | Reached skill level 4 in Unarmed Combat
  1286 | D:2      | Reached XP level 6. HP: 61/61 MP: 5/5
  1316 | D:2      | Noticed Natasha
  1320 | D:2      | Killed Natasha
  2124 | D:4      | Found a sacrificial altar of Ru.
  2558 | D:4      | Noticed Sigmund
  2568 | D:4      | Killed Sigmund
  2569 | D:4      | Reached skill level 5 in Unarmed Combat
  2569 | D:4      | Reached XP level 7. HP: 61/67 MP: 6/6
  2734 | D:5      | Entered Level 5 of the Dungeon
  2846 | D:5      | Reached skill level 6 in Unarmed Combat
  3109 | D:5      | Reached XP level 8. HP: 75/75 MP: 7/7
  3161 | D:5      | Reached skill level 7 in Unarmed Combat
  3235 | D:5      | Reached skill level 5 in Dodging
  3235 | D:5      | Reached skill level 8 in Unarmed Combat
  3295 | D:5      | Identified the amulet of the Heavens {RegenMP +Blink}
  3423 | D:5      | Identified the +6 great sword of Understanding {freeze,
                  | Str+2}
  3505 | D:5      | Reached skill level 1 in Stealth
  3545 | D:5      | Found a runed translucent door.
  3546 | D:5      | Noticed Crazy Yiuf
  3834 | D:6      | Found a staircase to the Ecumenical Temple.
  3922 | Temple   | Entered the Ecumenical Temple
  4145 | D:6      | Found a glowing golden altar of the Shining One.
  4220 | D:6      | Reached XP level 9. HP: 84/84 MP: 8/8
  4430 | D:7      | Reached skill level 9 in Unarmed Combat
  5033 | D:8      | Reached skill level 5 in Shields
  5084 | D:8      | Noticed Gastronok
  5238 | D:8      | Killed Gastronok
  5239 | D:8      | Reached skill level 10 in Unarmed Combat
  5239 | D:8      | Reached XP level 10. HP: 19/93 MP: 9/9
  5313 | D:8      | Found a staircase to the Lair.
  5384 | D:8      | Noticed Psyche
  5406 | D:8      | Killed Psyche
  5407 | D:8      | Reached skill level 11 in Unarmed Combat
  5415 | D:8      | Noticed Maurice
  5616 | D:7      | Killed Maurice
  5733 | D:8      | Noticed a two-headed ogre
  5745 | D:8      | Killed a two-headed ogre
  5817 | D:8      | Noticed Zippel's ghost (novice DsBr)
  5817 | D:8      | Noticed a moth of wrath
  5897 | D:8      | Found a bloodstained altar of Trog.
  6003 | D:8      | Found a transporter.
  6005 | D:8      | Found a transporter.
  6015 | D:8      | Noticed a two-headed ogre
  6177 | D:9      | Reached skill level 12 in Unarmed Combat
  6295 | D:9      | Found Ygeef's Gadget Gallery.
  6334 | D:9      | Noticed a two-headed ogre
  6337 | D:9      | Noticed a harpy
  6337 | D:9      | a two-headed ogre changed into a harpy
  6345 | D:9      | Killed a harpy
  6346 | D:9      | Reached XP level 11. HP: 63/101 MP: 10/10
  6730 | D:9      | Noticed Erolcha
  6805 | D:9      | Killed Erolcha
  7367 | D:10     | Entered Level 10 of the Dungeon
  7462 | D:10     | Noticed a two-headed ogre
  7468 | D:10     | Killed a two-headed ogre
  7469 | D:10     | Reached skill level 13 in Unarmed Combat
  7577 | D:10     | Found a white marble altar of Elyvilon.
  7869 | D:10     | Found a stormy altar of Qazlal.
  7870 | D:10     | Found a bloodstained altar of Trog.
  7873 | D:10     | Found an ornate altar of the Wu Jian Council.
  7873 | D:10     | Found a broken altar of Ashenzari.
  7879 | D:10     | Became a worshipper of Qazlal Stormbringer
  8203 | D:11     | Noticed Erica
  8581 | D:11     | Killed Erica
  8582 | D:11     | Reached skill level 5 in Fighting
  8628 | D:11     | Found a runed translucent door.
  8667 | D:11     | Noticed a skeletal warrior
  8668 | D:11     | Found a runed translucent door.
  8677 | D:11     | Found a runed translucent door.
  8677 | D:11     | Noticed an ogre mage
  8679 | D:11     | Noticed a two-headed ogre
  8694 | D:11     | Slain by a yak

Illustrated notes

Levels and vault maps discovered:
D:1:      scummos_arrival_star, layout_loops_ring, shapermc_ecumenical_altar_gd
D:2:      layout_basic, minmay_misc_feat_cross, uniq_natasha
D:3:      layout_basic
D:4:      layout_cave_pools, mainiacjoe_overflow_six_doors_small,
          chequers_hall_statues_wall_a, uniq_sigmund
D:5:      layout_rooms, chequers_serial_rivers_room_a, nzn_random_ring,
          uniq_crazy_yiuf_cottage
D:6:      layout_basic, amcnicky_altar_gilded, minmay_temple_entry_overgrown,
          uniq_maggie, uniq_blork_the_orc
D:7:      layout_basic, hangedman_decor_points, corexii_corridor_pit,
          minmay_misc_feat_enclosed
D:8:      layout_rooms, erik_lair_orcish_takeover,
          gammafunk_ghost_wrathful_warriors, uniq_gastronok, uniq_psyche,
          uniq_maurice
D:9:      layout_roguey [special_room_orc], nicolae_shop_gadgets, uniq_erolcha
D:10:     layout_basic, mainiacjoe_overflow_small_starburst,
          chequers_temple_overflow_statue_of_worship
D:11:     minmay_the_grid_triangle_9x9_rhombus_full_mashed
          [minmay_the_grid_triangle_9x9_longest,
          minmay_the_grid_triangle_9x9_subtriangle,
          minmay_the_grid_triangle_9x9_flanged_cone,
          minmay_the_grid_triangle_9x9_windchime,
          minmay_the_grid_triangle_9x9_fully_insulated_deathbox,
          minmay_the_grid_triangle_9x9_alien,
          minmay_the_grid_triangle_9x9_odd_lines,
          minmay_the_grid_triangle_9x9_prize_insulated], layout_cave_pools,
          orc_0_dummy, uniq_erica
Temple:   regret_index_temple_waves

Skill      XL: |  1  2  3  4  5  6  7  8  9 10 11 |
---------------+----------------------------------+-----
Dodging        | 3 4 5 6 7 |  7.5
Fighting       | 3 4 5 |  5.0
Unarmed Combat | 3 4 5 6 8 10 12 13 | 13.8
Shields        | 3 4 5 6 7 |  7.6
Stealth        | 1 2 |  2.1
Armour         | |  0.3
Evocations     | |  0.2

Action                   |  1- 3 |  4- 6 |  7- 9 | 10-12 || total
-------------------------+-------+-------+-------+-------++-------
Melee: Unarmed           |    64 |    90 |   245 |   391 ||   790
Evoke: Wand              |       |       |     1 |     2 ||     3
  Use: Potion            |       |     2 |       |     2 ||     4
 Stab: Sleeping          |       |       |       |     1 ||     1
Armor: Robe              |    21 |    18 |    70 |   110 ||   219
       Acid dragon scale |       |       |       |     8 ||     8
Dodge: Dodged            |    25 |    19 |    74 |   162 ||   280
Block: Kite shield       |    15 |    25 |    87 |   197 ||   324
